 Dungeon Crawl Stone Soup version 0.27-a0-1184-ge86db4a01e (webtiles) character file.

Game seed: 15547114793628113766

7 freelancePsychic the Skirmisher (level 1, 0/18 HPs)
             Began as a Demonspawn Abyssal Knight on May 18, 2021.
             Was a Follower of Lugonu.
             Slain by a jackal (3 damage)
             ... on level 1 of the Dungeon.
             The game lasted 00:00:50 (120 turns).

freelancePsychic the Skirmisher (DsAK)               Turns: 120, Time: 00:00:51

Health: 0/18       AC:  3    Str: 12    XL:     1   Next: 91%
Magic:  2/2        EV: 11    Int: 13    God:    Lugonu [*.....]
Gold:   0          SH:  0    Dex: 12    Spells: 0/0 levels left

rFire    . . .     SeeInvis .   a - +1 mace
rCold    . . .     Faith    .   (no shield)
rNeg     . . .     Spirit   .   b - +0 leather armour
rPois    .         Reflect  .   (no helmet)
rElec    .         Harm     .   (no cloak)
rCorr    .         Rampage  .   (no gloves)
Will     .....                  (no boots)
Stlth    +.........             (no amulet)
HPRegen  0.06/turn              (no ring)
MPRegen  0.08/turn              (no ring)

@: no status effects
A: no striking features
a: Renounce Religion, Depart the Abyss


You were on level 1 of the Dungeon.
You worshipped Lugonu.
Lugonu was aware of your devotion.
You visited 1 branch of the dungeon, and saw 1 of its levels.
You visited the Abyss 1 time.

Inventory:

Hand Weapons
 a - a +1 mace (weapon)
Missiles
 c - 6 curare-tipped darts
Armour
 b - a +0 leather armour (worn)
Magical Staves
 e - a staff of poison
Scrolls
 d - a scroll of identify {unknown}


   Skills:
 + Level 3.2 Fighting
 + Level 2.0 Maces & Flails
 - Level 1.7 Armour
 - Level 0.8 Dodging
 + Level 2.8 Invocations


You couldn't memorise any spells.
You didn't know any spells.
Your spell library was empty.

Dungeon Overview and Level Annotations

Branches:
Dungeon (1/15)

Altars:


Message History

You barely miss the jackal.
The jackal is heavily wounded.
The jackal barely misses you. x4
You closely miss the jackal.
The jackal is moderately wounded.
The jackal bites you. The jackal closely misses you.
The jackal bites you but does no damage.
The jackal barely misses you.
You closely miss the jackal.
The jackal is lightly wounded.
The jackal bites you but does no damage.
The jackal barely misses you.
You hit the jackal.
The jackal is almost dead.
The jackal bites you but does no damage.
The jackal bites you.
The jackal bites you but does no damage.
The jackal barely misses you.
You barely miss the jackal.
The jackal is almost dead.
The jackal closely misses you. The jackal misses you.
The jackal barely misses you. The jackal bites you.
* * * LOW HITPOINT WARNING * * *
You hit the jackal.
You kill the jackal!
Lugonu accepts your kill. The jackal barely misses you. x2
You hit the jackal but do no damage. The jackal closely misses you.
The jackal barely misses you.
You barely miss the jackal. The jackal barely misses you. x2
You barely miss the jackal. The jackal closely misses you.
You barely miss the jackal. The jackal bites you.
* * * LOW HITPOINT WARNING * * *
The jackal barely misses you.
You barely miss the jackal. The jackal closely misses you.
The jackal barely misses you.
You closely miss the jackal.
The jackal bites you but does no damage. x2
You closely miss the jackal. The jackal bites you.
You die...

.....# .....######## #
......##...## #.
##..........## # . #..
#............###
....######.............
..#.#..#............>.##
#.....#....†...........
#..@..######.......§
#..#h#..#..####.##§§ #
###.....#..# #.# #§
.......#.....# #.. #
.......#...#.# ##.#
.....######...# .# #
............####
...........h...#.
########........... .


You could see a jackal.

Vanquished Creatures
  A bat (D:1)
  An endoplasm (D:1)
  3 jackals (D:1)
  A kobold (D:1)
6 creatures vanquished.

Notes
Turn   | Place    | Note
-------+----------+-------------------------------------------
     0 | Abyss:1  | freelancePsychic the Demonspawn Abyssal Knight began the
                  | quest for the Orb.
     0 | Abyss:1  | Reached XP level 1. HP: 18/18 MP: 2/2
     7 | D:1      | Escaped the Abyss
   120 | D:1      | Slain by a jackal

Illustrated notes

Levels and vault maps discovered:
D:1:      heliophobic_arrival_enchanted_forest, layout_rooms,
          hellmonk_ecumenical_altar_pennies_from_heaven, hangedman_decor_push

Skill      XL: |  1 |
---------------+----+-----
Maces & Flails | 2 |  2.0
Fighting       | |  3.2
Armour         | |  1.7
Dodging        | |  0.8
Invocations    | |  2.8

Action                   || total
-------------------------++-------
Melee: Mace              ||    28
Armor: Leather armour    ||    14
Dodge: Dodged            ||    38

Table legend: (Time is in decaauts)
 A = Elapsed time spent in this place.
 B = Non-inter-level travel time spent in this place.
 C = Inter-level travel time spent in this place.
 D = Time resting spent in this place.
 E = Time spent auto-exploring this place.
 F = Levels seen in this place.
 G = Mean time per level.
                   A        B        C        D        E       F      G
               +--------+--------+--------+--------+--------+-----+--------+
         Total |    128 |    128 |      0 |      0 |     62 |   2 |   64.0 |
       Dungeon |    121 |    121 |      0 |      0 |     61 |   1 |  121.0 |
         Abyss |      7 |      7 |      0 |      0 |      1 |   1 |    7.0 |
               +--------+--------+--------+--------+--------+-----+--------+

Top non-repeatable levels by time:
     D:1: 121 daAuts
 Abyss:1: 7 daAuts
